 Dungeon Crawl Stone Soup version 0.28-a0-1404-g4df0f3684d (webtiles) character file.

Game seed: 15845860329617705186

217 wakim the Cudgeller (level 5, -10/46 HPs)
             Began as a Ghoul Gladiator on Jan 5, 2022.
             Blown up by Ijyb (14 damage)
             ... with a mindburst bolt
             ... on level 3 of the Dungeon.
             The game lasted 00:08:22 (2583 turns).

wakim the Cudgeller (Ghoul Gladiator)               Turns: 2583, Time: 00:08:22

Health: -10/46     AC: 12    Str: 20    XL:     5   Next: 94%
Magic:  4/4        EV:  8    Int:  3    God:
Gold:   81         SH:  0    Dex: 10    Spells: 4/4 levels left

rFire   . . .      SeeInvis .   b - +4 dagger (speed)
rCold   + . .      Faith    .   (no shield)
rNeg    + + +      Spirit   .   N - +0 chain mail
rPois   ∞          Reflect  .   c - +0 helmet
rElec   .          Harm     .   m - +2 cloak
rCorr   .          Rampage  .   (no gloves)
Will    .....                   (no boots)
Stlth   ..........              (no amulet)
HPRegen 0.00/turn               (no ring)
MPRegen 0.09/turn               (no ring)

@: inhibited regen
A: claws 1, cold resistance 1, negative energy resistance 3, inhibited
regeneration, torment resistance 2
a: no special abilities


You were on level 3 of the Dungeon.
You visited 1 branch of the dungeon, and saw 3 of its levels.
You also visited: Sewer.

You collected 81 gold pieces.

Inventory:

Hand Weapons
 a - a +0 flail
 b - a +4 dagger of speed (weapon)
 G - a +0 mace
Missiles
 d - 3 throwing nets {=f!f}
 e - 26 poisoned darts (quivered)
Armour
 c - a +0 helmet (worn)
 m - a +2 cloak (worn)
 N - a +0 chain mail (worn)
Scrolls
 I - a scroll of vulnerability {unknown}
 L - a scroll of immolation {unknown}
Potions
 k - a potion of attraction {unknown}
 l - a potion of berserk rage {unknown}
 E - a potion of cancellation
 F - a potion of brilliance {unknown}
 H - a potion of magic {unknown}
 M - a potion of curing {unknown}
Miscellaneous
 K - a piece from Xom's chessboard (15/15)


   Skills:
 + Level 4.1 Fighting
 + Level 5.0 Maces & Flails
 - Level 1.7 Throwing
 - Level 2.6 Dodging


You had 4 spell levels left.
You didn't know any spells.
Your spell library was empty.

Dungeon Overview and Level Annotations

Branches:
Dungeon (3/15)              Sewer (visited)

Altars:

Annotations:
D:3 Ijyb


Innate Abilities, Weirdness & Mutations

You thrive by killing the living.
You are immune to poison.
You have sharp fingernails.
Your flesh is cold resistant. (rC+)
You are immune to negative energy. (rN+++)
You do not regenerate when monsters are visible.
You are immune to unholy pain and torment.


Message History

Ijyb is moderately wounded.
Ijyb zaps a wand.
Your mind is blasted!
* * * LOW HITPOINT WARNING * * *
You closely miss Ijyb.
Ijyb is moderately wounded.
You completely miss Ijyb.
Ijyb is moderately wounded.
Ijyb hits you but does no damage.
You barely miss Ijyb.
Ijyb is moderately wounded.
Ijyb hits you but does no damage.
You closely miss Ijyb.
Ijyb is moderately wounded.
You hit Ijyb.
Ijyb is moderately wounded.
Ijyb hits you but does no damage.
You barely miss Ijyb.
Ijyb is moderately wounded.
Ijyb zaps a wand.
Your mind is blasted!
* * * LOW HITPOINT WARNING * * *
You hit Ijyb but do no damage.
Ijyb is moderately wounded.
Unknown command.
You hit Ijyb.
Ijyb is heavily wounded.
Ijyb hits you with a +0 club.
* * * LOW HITPOINT WARNING * * *
You hit Ijyb but do no damage.
Ijyb is heavily wounded.
Ijyb screams, "You nasty!
Big nasty!"
Ijyb closely misses you.
You closely miss Ijyb.
Ijyb is heavily wounded.
You hit Ijyb.
Ijyb is heavily wounded.
Ijyb zaps a wand.
Your mind is blasted!
You die...

.#.###.....####.........#
.....[.....###..#.......#
.#.####........##.......#
#...##..)..##############
...........#
.#..#.#....####
...#.#........##
...........##..####
#..#####.#####..@g#
...####..# ####..#
.........# .....
.#.####... .......
.#.####.## .......
#.........# .......
#.........# #######
#......... #.........


You could see Ijyb.

Vanquished Creatures
  Pargi (Sewer)
  Natasha (thrice) (D:3)
  2 orcs (D:3)
  9 bats
  4 endoplasms
  2 giant cockroaches (D:3)
  5 goblins
  A hobgoblin (D:2)
  4 jackals (Sewer)
  4 kobolds
  2 quokkas
  9 ball pythons
  2 frilled lizards
  3 rats
51 creatures vanquished.

Notes
Turn   | Place    | Note
-------+----------+-------------------------------------------
     0 | D:1      | wakim the Ghoul Gladiator began the quest for the Orb.
     0 | D:1      | Reached XP level 1. HP: 17/17 MP: 0/0
   114 | D:1      | Reached skill level 3 in Maces & Flails
   184 | D:1      | Reached XP level 2. HP: 22/25 MP: 1/1
   668 | D:1      | Found a faded altar of an unknown god.
   966 | D:2      | !bestwep
  1059 | D:2      | Reached XP level 3. HP: 30/30 MP: 2/2
  1674 | D:3      | Noticed Natasha
  1689 | D:3      | Killed Natasha
  1732 | D:3      | Reached XP level 4. HP: 38/38 MP: 3/3
  1734 | D:3      | !bestwep
  1793 | D:3      | Noticed Natasha
  1805 | D:3      | Killed Natasha
  1806 | D:3      | Reached skill level 4 in Maces & Flails
  1951 | D:3      | Found a glowing drain.
  1955 | Sewer    | Entered a sewer
  2027 | Sewer    | Noticed Pargi
  2110 | Sewer    | Killed Pargi
  2111 | Sewer    | Reached XP level 5. HP: 11/46 MP: 4/4
  2476 | D:3      | Noticed Natasha
  2481 | D:3      | Killed Natasha
  2482 | D:3      | Reached skill level 5 in Maces & Flails
  2519 | D:3      | !bestwep
  2561 | D:3      | Noticed Ijyb
  2583 | D:3      | Blown up by Ijyb

Illustrated notes #.########..#.#.# #...........#.#.# ###......##.#.#.# #......## #...# +.......# ##### # ##.......# #. #.....##.# #..##.##.# # #...@..#.# #.###..#.# #.<.# #...# #...# #...# #...# #...# Turn 966 on D:2: !bestwep ....# . #. ....# .#. ...<# ... ....## ##.. ..#..# #..# ####.# ..# ...#.# #.# ...#.# #.# .>.#.###.# #@# # .........# #.##.# ...#.##### #....# ...#.# #.#### . .<.#.# #####..# .. !..#[# #......# ... ...#.# ###.####.# ... ####.# ###...# #.# .. # #.###...### ##.#.# Turn 1734 on D:3: !bestwep

#### #..# ####..#
#.##..# ##.#...# #
##..#.#.# ####...
##...#.#.###.....#
######..........@.....#
......÷.#...#.####......
####.##.#..#...##.....##
##.###............ ..#
##.#...÷#...#..#.# .#
#.#..##.#.#...#.#.. ..
....###.#.#......... #
.######.#.##..#####.
..............####..#


Turn 2519 on D:3: !bestwep

Levels and vault maps discovered:
D:1:      onia_arrival_pentagram, layout_basic,
          shapermc_ecumenical_altar_hornbeckon
D:2:      layout_basic, minmay_misc_feat_rows
D:3:      layout_rooms, gup_sewer_entry_bowl, uniq_ijyb, uniq_natasha

Skill      XL: |  1  2  3  4  5 |
---------------+----------------+-----
Maces & Flails | 3 4 5 |  5.0
Fighting       | 3 4 |  4.1
Throwing       | |  1.7
Dodging        | |  2.6

Action                   |  1- 3 |  4- 6 || total
-------------------------+-------+-------++-------
Melee: Flail             |    61 |       ||    61
       Dagger            |    44 |    92 ||   136
Throw: Dart              |       |    15 ||    15
  Use: Scroll            |     3 |       ||     3
Armor: Leather armour    |    43 |    42 ||    85
       Chain mail        |       |     8 ||     8
Dodge: Dodged            |    89 |    73 ||   162

Table legend: (Time is in decaauts)
 A = Elapsed time spent in this place.
 B = Non-inter-level travel time spent in this place.
 C = Inter-level travel time spent in this place.
 D = Time resting spent in this place.
 E = Time spent auto-exploring this place.
 F = Levels seen in this place.
 G = Mean time per level.
                   A        B        C        D        E       F      G
               +--------+--------+--------+--------+--------+-----+--------+
         Total |   2586 |   2454 |    132 |      0 |   1615 |   4 |  646.5 |
       Dungeon |   2121 |   1989 |    132 |      0 |   1294 |   3 |  707.0 |
         Sewer |    465 |    465 |      0 |      0 |    320 |   1 |  465.0 |
               +--------+--------+--------+--------+--------+-----+--------+

Top non-repeatable levels by time:
     D:1: 857 daAuts
     D:2: 787 daAuts
     D:3: 476 daAuts
   Sewer: 465 daAuts
